Map: 16비트 - 래더

Players

Optimus

  • Race: Terran Terran
  • League: Master
  • Spawn Location: 1:00

Bunny - Winner!

  • Race: Terran Terran
  • League: Diamond
  • Spawn Location: 7:00

Event: HomeStory Cup XVII

VOD

Have the link to the VOD?

Description

Time

  • Played on: June 28, 2018, 3:33 p.m.
  • Length: 11:34

All games in this series

Show
View Real Time Build Order
Export as new Build Order

Optimus Terran 

Build Orders: Gas First Reaper Expand, Reaper Expand, MMM Bio 

Get SALT Encoding   

  12  0:00  SCV  
  13  0:12  SCV  
  14  0:17  Supply Depot  
  14  0:25  SCV  
  15  0:29  Refinery  
  15  0:39  SCV  
  16  0:45  Barracks  
  16  0:51  SCV  
  17  1:03  SCV  
  18  1:16  SCV  
  19  1:32  Orbital Command, Reaper  
  20  1:46  Command Center  
  20  1:57  Factory  
  20  2:00  SCV  
  21  2:07  Barracks Reactor  
  21  2:11  Supply Depot  
  21  2:14  SCV  
  22  2:19  Refinery  
  22  2:26  SCV  
  23  2:38  SCV  
  23  2:43  Starport  
  24  2:45  Marine x2  
  24  2:49  Widow Mine  
  24  2:50  SCV  
  29  2:58  Orbital Command  
  29  3:02  SCV  
  30  3:06  Marine x2  
  32  3:14  Cyclone  
  32  3:17  SCV  
  36  3:23  Marine  
  36  3:24  Marine  
  36  3:26  Medivac  
  39  3:30  SCV x2  
  41  3:36  Supply Depot  
  41  3:42  Marine  
  41  3:43  Marine  
  43  3:49  Factory Tech Lab  
  43  3:52  SCV x2  
  45  3:59  Supply Depot  
  45  4:02  Marine x2  
  47  4:04  SCV x2  
  49  4:10  Raven  
  49  4:16  SCV  
  52  4:23  SCV, Command Center  
  53  4:28  Factory Tech Lab  
  53  4:29  Supply Depot  
  53  4:31  Marine x2  
  53  4:33  SCV  
  53  4:35  SCV  
  57  4:45  SCV  
  58  4:49  Barracks  
  58  4:50  Barracks  
  58  4:52  Siege Tank  
  61  4:56  SCV  
  61  4:57  SCV  
  63  5:00  Stimpack  
  63  5:02  Marine  
  63  5:04  Starport Reactor  
  64  5:07  Refinery  
  64  5:11  SCV x2  
  66  5:18  Engineering Bay  
  66  5:19  Engineering Bay  
  66  5:22  Refinery  
  66  5:23  Marine  
  66  5:24  SCV x2  
  69  5:34  Supply Depot  
  69  5:35  Orbital Command  
  69  5:36  SCV  
  69  5:38  Siege Tank  
  69  5:40  SCV  
  74  5:45  Supply Depot  
  74  5:49  Starport Reactor, Marine x5  
  78  5:52  SCV  
  78  5:53  SCV  
  81  5:57  Terran Infantry Weapons Level 1, Terran Infantry Armor Level 1  
  81  6:04  Orbital Command, SCV  
  81  6:07  Marine x4  
  81  6:09  Marauder  
  81  6:10  SCV  
  89  6:16  Barracks  
  89  6:19  Barracks  
  89  6:21  SCV  
  89  6:22  SCV  
  91  6:27  Marine  
  91  6:28  Marine x3  
  91  6:30  Marauder  
  98  6:33  SCV  
  98  6:35  Supply Depot  
  98  6:36  Medivac  
  98  6:38  Medivac  
  98  6:39  SCV x2  
  104  6:45  SCV  
  105  6:48  Marine x4  
  105  6:53  Factory Tech Lab  
  109  6:54  Refinery  
  109  6:55  Armory  
  109  6:57  SCV  
  109  7:01  Combat Shield  
  110  7:02  Marauder, SCV  
  110  7:03  SCV  
  110  7:06  Marine  
  110  7:07  Marine x2  
  117  7:17  Supply Depot  
  117  7:18  Supply Depot  
  117  7:20  Concussive Shells  
  117  7:36  Supply Depot  
  117  7:37  Supply Depot  
  117  7:39  Marauder, SCV x2, Marine x4  
  117  7:40  Marauder x2, SCV  
  129  7:47  Medivac  
  129  7:48  Medivac  
  132  7:51  SCV  
  132  7:52  Supply Depot  
  132  7:54  Supply Depot  
  132  7:56  SCV x2  
  132  7:57  Marine x4  
  130  8:01  Marauder x3  
  135  8:07  Terran Infantry Armor Level 2, Terran Infantry Weapons Level 2  
  135  8:10  Refinery  
  135  8:11  Supply Depot  
  135  8:22  Marauder  
  135  8:23  Marauder x2  
  135  8:25  Marine, Medivac x2  
  135  8:26  Marine x3  
  149  8:40  Command Center  
  149  8:41  Factory Reactor  
  149  8:43  Starport, Marine x3  
  149  8:44  Marauder x3, Starport  
  149  8:45  Fusion Core  
  138  8:52  Marine  
  139  9:01  Marine x2, Viking x2  
  145  9:03  SCV x3, Terran Ship Weapons Level 1  
  145  9:05  Marauder  
  150  9:13  Marauder x2, Marine x2  
  157  9:17  Supply Depot  
  157  9:19  SCV  
  157  9:20  SCV  
  157  9:23  Marine x2  
  160  9:24  Starport Tech Lab  
  160  9:26  Marauder  
  160  9:27  SCV  
  160  9:31  Liberator  
  160  9:34  Marauder x2, Marine x2  
  159  9:41  Marine x2  
  159  9:42  Liberator  
  159  9:43  Liberator  
  159  9:45  Advanced Ballistics  
  161  9:48  Marauder  
  160  10:00  Marine x2  
  160  10:06  Marauder  
  160  10:07  Marauder, Liberator  
  171  10:12  Marauder  
  171  10:13  Marine x2  
  175  10:18  Supply Depot  
  175  10:19  Supply Depot  
  175  10:20  Liberator  
  174  10:25  Marine x2  
  174  10:28  Marauder  
  181  10:34  Marauder  
  168  10:38  Marauder, Marine x2  
  170  10:43  Marine x2  
  170  10:46  Viking x2  
  176  10:52  Marine  
  176  10:53  Viking  
  176  10:54  Marine  
Show
View Real Time Build Order
Export as new Build Order

Bunny Terran - Winner!

Build Orders: Gas First Reaper Expand, Reaper Expand, Mech 

Get SALT Encoding   

  12  0:00  SCV  
  13  0:12  SCV  
  14  0:17  Supply Depot  
  14  0:25  SCV  
  15  0:28  Refinery  
  15  0:39  SCV  
  16  0:45  Barracks  
  16  0:51  SCV  
  17  1:03  SCV  
  18  1:15  SCV  
  19  1:32  Orbital Command, Reaper  
  20  1:49  Command Center  
  20  1:57  SCV  
  21  2:04  Factory  
  21  2:07  Barracks Reactor  
  21  2:11  SCV  
  22  2:17  Supply Depot  
  22  2:23  SCV  
  22  2:25  Refinery  
  23  2:38  SCV  
  24  2:50  SCV  
  25  2:54  Hellion x2  
  29  3:01  Orbital Command  
  29  3:02  SCV  
  30  3:14  SCV  
  30  3:15  Cyclone x2  
  37  3:27  SCV x2  
  39  3:37  Command Center  
  39  3:40  SCV  
  40  3:42  SCV  
  40  3:49  Supply Depot  
  40  3:52  SCV  
  40  3:54  Cyclone, SCV  
  45  3:59  Supply Depot  
  45  4:04  SCV  
  46  4:10  Cyclone, SCV  
  46  4:17  Supply Depot, SCV  
  51  4:23  SCV  
  52  4:26  Cyclone  
  52  4:29  SCV  
  56  4:35  SCV  
  57  4:41  SCV  
  57  4:47  SCV  
  58  4:53  Orbital Command, SCV  
  58  4:56  Refinery  
  58  4:57  Refinery  
  58  4:59  SCV  
  60  5:02  Starport, Barracks Reactor  
  60  5:04  Factory, Factory Tech Lab  
  60  5:05  SCV  
  61  5:11  Supply Depot, SCV  
  62  5:17  SCV  
  62  5:19  SCV  
  64  5:23  SCV  
  64  5:24  Siege Tank  
  68  5:29  Supply Depot, SCV  
  68  5:31  SCV  
  68  5:35  SCV  
  71  5:37  Armory  
  71  5:38  Armory  
  71  5:43  SCV  
  71  5:44  SCV  
  71  5:47  SCV  
  71  5:49  Viking  
  76  5:52  Hellion x2  
  76  5:53  Viking  
  76  5:56  Refinery  
  83  5:57  Refinery, Supply Depot, SCV x2  
  83  5:59  SCV  
  83  6:02  Engineering Bay  
  85  6:09  Siege Tank, SCV x2  
  90  6:11  SCV  
  90  6:14  Factory, Hellion  
  90  6:16  Hellion  
  95  6:21  SCV x2  
  95  6:23  SCV  
  98  6:25  Terran Vehicle Weapons Level 1  
  98  6:27  Supply Depot  
  98  6:28  Terran Vehicle And Ship Armor Level 1  
  98  6:33  SCV x2  
  98  6:35  Supply Depot  
  98  6:36  SCV  
  98  6:39  Viking  
  103  6:42  Viking  
  103  6:45  SCV x2  
  107  6:50  Supply Depot  
  107  6:52  Factory x2  
  107  6:55  SCV  
  107  6:56  Siege Tank  
  107  6:57  SCV  
  112  7:02  Factory Tech Lab, Hellion x2  
  116  7:08  Supply Depot, Infernal Pre-Igniter  
  116  7:09  Supply Depot  
  116  7:14  Missile Turret, Viking  
  118  7:17  Viking  
  120  7:23  Hellion x2  
  120  7:26  Siege Tank  
  127  7:39  Factory Reactor, Missile Turret, Factory Tech Lab  
  127  7:43  Sensor Tower  
  127  7:44  Hellion x2  
  127  7:45  Supply Depot  
  127  7:46  Supply Depot  
  127  7:47  Siege Tank  
  134  7:58  Siege Tank  
  137  8:02  Command Center  
  137  8:03  Supply Depot  
  137  8:04  Medivac x2  
  141  8:06  Hellion x2  
  141  8:10  Siege Tank  
  148  8:14  Missile Turret  
  148  8:23  Terran Vehicle Weapons Level 2  
  148  8:24  Hellbat  
  148  8:25  Hellbat  
  152  8:27  Hellbat x2  
  152  8:31  Terran Vehicle And Ship Armor Level 2  
  156  8:39  Siege Tank  
  159  8:46  Hellbat x2  
  163  8:48  Hellbat  
  163  8:49  Hellbat  
  163  8:50  Siege Tank, Supply Depot x2  
  170  9:00  Medivac  
  172  9:06  Supply Depot x2  
  172  9:11  Hellbat x3, Medivac  
  172  9:12  Hellbat  
  172  9:13  Sensor Tower  
  172  9:14  Missile Turret x2  
  172  9:15  Siege Tank, Missile Turret  
  185  9:21  Siege Tank  
  188  9:36  Siege Tank  
  188  9:38  Hellbat x2  
  193  9:41  Hellbat  
  193  9:42  Hellbat, Viking  
  193  10:02  Command Center  
  193  10:08  Missile Turret x2, Hellbat x3  
  193  10:09  Missile Turret  
  193  10:11  SCV  
  200  10:16  Missile Turret  
  200  10:17  Missile Turret  
  200  10:18  Refinery, Missile Turret  
  200  10:28  Refinery, Factory  
  200  10:29  Factory  
  200  10:34  Siege Tank x3  
  195  10:43  Hellbat x2  
  195  10:44  Planetary Fortress  
  195  10:48  Missile Turret  
  195  10:49  Missile Turret  
  199  10:50  Missile Turret  
  199  10:59  Command Center  
  200  11:04  Hellbat x2  
Tags
 
Add a new tag
Caveats
  • Supply blocks, unpowered buildings, or Contaminate may cause inaccurate times.
  • Supply counts are checked every 10 seconds.